 Dungeon Crawl Stone Soup version 0.24.0-2-g5b39cebb1c (webtiles) character file.

Game seed: 16946406474628055840, levelgen mode: deterministic

5507 Mrkan the Cleaver (level 10, -5/91 HPs)
             Began as a Minotaur Fighter on Oct 29, 2019.
             Was an Elder of Makhleb.
             Killed from afar by a smoke demon (24 damage)
             ... with a ball of steam
             ... summoned by a kobold demonologist
             ... on level 10 of the Dungeon.
             The game lasted 00:11:03 (7309 turns).

Mrkan the Cleaver (Minotaur Fighter)                Turns: 7309, Time: 00:11:05

Health: -5/91      AC: 16    Str: 21    XL:     10   Next: 42%
Magic:  9/9        EV:  5    Int:  5    God:    Makhleb [****..]
Gold:   371        SH: 11    Dex: 13    Spells: 9/9 levels left

rFire    . . .     SeeInvis .   a - +0 war axe
rCold    . . .     Gourm    .   c - +0 shield
rNeg     . . .     Faith    .   B - +0 plate armour
rPois    .         Spirit   .   (helmet restricted)
rElec    .         Reflect  .   (no cloak)
rCorr    .         Harm     .   l - +1 pair of gloves
MR       .....                  (no boots)
Stlth    ..........             (no amulet)
HPRegen  0.25/turn              (no ring)
MPRegen  0.11/turn              (no ring)

@: liquid flames, glowing, lightly drained
A: retaliatory headbutt, horns 2
a: Minor Destruction, Lesser Servant of Makhleb, Major Destruction, Renounce
Religion


You were on level 10 of the Dungeon.
You worshipped Makhleb.
Makhleb was greatly pleased with you.
You were not hungry.

You visited 1 branch of the dungeon, and saw 10 of its levels.

You collected 371 gold pieces.

Inventory:

Hand Weapons
 a - a +0 war axe (weapon)
 K - a cursed +3 war axe
Armour
 c - a +0 shield (worn)
 l - a +1 pair of gloves (worn)
 B - a +0 plate armour (worn)
Jewellery
 b - a cursed amulet of inaccuracy {unknown}
 e - an uncursed ring of protection from fire {unknown}
 j - an uncursed ring of protection from fire {unknown}
 k - an uncursed ring of flight {unknown}
 r - an uncursed ring of protection from magic
 A - an uncursed ring of positive energy {unknown}
 I - an uncursed ring of flight {unknown}
Wands
 t - a wand of random effects (5)
 C - a wand of paralysis (7)
 G - a wand of polymorph (9)
 J - a wand of disintegration (15)
 L - a wand of iceblast (10)
Scrolls
 h - 17 scrolls of identify {unknown}
 i - 2 scrolls of fear {unknown}
 n - 4 scrolls of remove curse {unknown}
 o - 9 scrolls of teleportation {unknown}
 q - 2 scrolls of random uselessness {unknown}
 s - 2 scrolls of amnesia {unknown}
 u - a scroll of immolation {unknown}
 w - 3 scrolls of fog {unknown}
 x - 2 scrolls of magic mapping {unknown}
 y - a scroll of enchant armour {unknown}
 E - 2 scrolls of blinking {unknown}
 H - 2 scrolls of summoning {unknown}
Potions
 d - a potion of ambrosia {unknown}
 g - 3 potions of lignification {unknown}
 m - a potion of heal wounds
 p - 3 potions of degeneration {unknown}
 v - a potion of brilliance {unknown}
 z - a potion of curing
 D - a potion of resistance {unknown}
 F - a potion of berserk rage {unknown}
Comestibles
 f - 15 rations


   Skills:
 + Level 9.1(8.6) Fighting
 * Level 11.8(11.2) Axes
 + Level 9.2(8.6) Armour
 + Level 9.1(8.6) Shields
 + Level 0.8(0.3) Invocations


You had 9 spell levels left.
You didn't know any spells.
Your spell library contained the following spells:

 Spells                   Type           Power        Failure   Level  Hunger
 Flame Tongue             Conj/Fire      #....        100%        1    ##.....
 Throw Flame              Conj/Fire      #.....       100%        2    ###....
 Conjure Flame            Conj/Fire      #.......     100%        3    ####...
 Inner Flame              Hex/Fire       #.......     100%        3    ####...
 Sticky Flame             Conj/Fire      #.......     100%        4    #####..
 Fireball                 Conj/Fire      #.........   100%        5    ######.


Dungeon Overview and Level Annotations

Branches:
Dungeon (10/15)            Temple (0/1) D:7            Lair (0/6) D:9
    Orc: D:9-12

Altars:
Fedhas
Makhleb
Lugonu

Annotations:
D:6 2 runed translucent doors, Mrkan's ghost, novice GrFi


Innate Abilities, Weirdness & Mutations

You reflexively headbutt those who attack you in melee.
You have a pair of horns on your head.


Message History

* * * LOW HITPOINT WARNING * * *
You slash the kobold demonologist!
Your headbutt misses the kobold demonologist.
The kobold demonologist is almost dead.
You slash the smoke demon!
Your shield and plate armour prevent you from hitting the kobold demonologist.
You hit the ice devil but do no damage. You miss the quasit.
You are covered in liquid flames!
* * * LOW HITPOINT WARNING * * *
The quasit bites you.
* * * LOW HITPOINT WARNING * * *
You block the quasit's attack. x2
The kobold demonologist gestures wildly while chanting.
The ice devil hits you but does no damage.
The quasit bites you but does no damage.
The quasit claws you but does no damage. x2
The kobold demonologist hits you but does no damage.
The smoke demon gestures at you. The ball of steam hits you!!
You die...

##### #..≈P #...###
. ####.....# ≈#
###..#.#P5..§§##.#
.§§.P.§...4§.§§.#
##.§.§#P...3K#.§.♣#
./.#.#..P4K@55P..#
#..#.≈####'4'#####..
#...#≈PPPP...P#PP.#
#...#≈............#
#...#...#......#..#
#...#.#.##........#
#....#.........###
#.<#######.#####
#.....# #.#


You could see an ice devil, 2 kobold demonologists, a smoke demon, a chaos
spawn, a red devil, a quasit, a crimson imp and a shadow imp.

Vanquished Creatures
  A kobold demonologist (D:10)
  Grinder (D:3)
  Prince Ribbit (D:6)
  2 wyverns
  A hungry ghost (D:8)
  3 wargs (D:9)
  3 sky beasts
  4 phantoms
  2 orc warriors
  3 ogres
  3 centaurs
  6 bullfrogs
  A wyvern skeleton (D:5)
  A scorpion (D:9)
  9 killer bees (D:9)
  7 wights
  2 howler monkeys (D:7)
  5 crimson imps
  5 jellies
  3 bullfrog zombies
  2 bullfrog skeletons
  5 hounds
  5 orc priests
  2 centaur zombies
  2 iguanas
  Terence (D:3)
  6 orc wizards
  6 worker ants
  A killer bee zombie (D:9)
  A hound skeleton (D:6)
  A worker ant zombie (D:7)
  3 gnolls (D:2)
  13 adders
  2 shadow imps
  An ooze (D:7)
  An adder skeleton (D:7)
  3 worms
  2 dart slugs
  7 leopard geckos
  17 orcs
  2 ball pythons
  3 bats
  5 giant cockroaches
  11 goblins
  9 hobgoblins
  6 kobolds
  5 quokkas
  5 frilled lizards
  A jackal skeleton (D:8)
  A quokka skeleton (D:6)
  A quokka zombie (D:8)
  13 rats
206 creatures vanquished.

Notes
Turn   | Place    | Note
-------+----------+-------------------------------------------
     0 | D:1      | Mrkan the Minotaur Fighter began the quest for the Orb.
     0 | D:1      | Reached XP level 1. HP: 19/19 MP: 0/0
   161 | D:1      | Reached XP level 2. HP: 24/27 MP: 1/1
   241 | D:1      | Reached skill level 3 in Axes
   443 | D:1      | Reached XP level 3. HP: 27/33 MP: 2/2
   820 | D:2      | Reached XP level 4. HP: 34/40 MP: 3/3
   870 | D:2      | Reached skill level 4 in Axes
   978 | D:2      | Found a burning altar of Makhleb.
   992 | D:2      | Became a worshipper of Makhleb the Destroyer
  1056 | D:2      | Reached XP level 5. HP: 47/47 MP: 4/4
  1254 | D:3      | Noticed Terence
  1260 | D:3      | Killed Terence
  1486 | D:3      | Noticed Grinder
  1495 | D:3      | Paralysed by Grinder for 6 turns
  1510 | D:3      | HP: 1/47 [Grinder (6)]
  1513 | D:3      | Killed Grinder
  1513 | D:3      | Reached skill level 5 in Fighting
  1513 | D:3      | Reached skill level 5 in Axes
  1513 | D:3      | Reached skill level 5 in Armour
  1513 | D:3      | Reached skill level 5 in Shields
  1513 | D:3      | Reached XP level 6. HP: 2/56 MP: 5/5
  2455 | D:4      | Reached skill level 6 in Axes
  2537 | D:4      | Reached XP level 7. HP: 53/61 MP: 6/6
  2659 | D:4      | Reached * piety under Makhleb
  3125 | D:5      | Entered Level 5 of the Dungeon
  3282 | D:5      | Reached skill level 7 in Axes
  3578 | D:5      | Reached XP level 8. HP: 67/70 MP: 7/7
  3915 | D:6      | Reached skill level 8 in Axes
  3927 | D:6      | Noticed Prince Ribbit
  3935 | D:6      | Killed Prince Ribbit
  4056 | D:6      | Found a large runed translucent door.
  4057 | D:6      | Found a large runed translucent door.
  4057 | D:6      | Noticed Mrkan's ghost (novice GrFi)
  4121 | D:6      | Found a blossoming altar of Fedhas.
  4503 | D:7      | Reached skill level 9 in Axes
  4557 | D:7      | Reached ** piety under Makhleb
  4557 | D:7      | Reached XP level 9. HP: 21/79 MP: 8/8
  4936 | D:7      | Found a staircase to the Ecumenical Temple.
  4959 | D:7      | Reached skill level 10 in Axes
  5785 | D:8      | Reached *** piety under Makhleb
  6125 | D:8      | Reached skill level 11 in Axes
  6338 | D:9      | Reached XP level 10. HP: 90/90 MP: 9/9
  6690 | D:9      | Found a staircase to the Lair.
  7283 | D:10     | Entered Level 10 of the Dungeon
  7294 | D:10     | Found a corrupted altar of Lugonu.
  7298 | D:10     | Noticed a smoke demon
  7304 | D:10     | Reached **** piety under Makhleb
  7309 | D:10     | Killed from afar by a smoke demon

Levels and vault maps discovered:
D:1:      dpeg_arrival_snail, layout_loops_ring, minmay_liquid_box
D:2:      layout_basic, first_ration, makhleb_blood_cavern_becter
D:3:      layout_loops_cross, chequers_serial_rivers_small_3, uniq_grinder,
          uniq_terence
D:4:      layout_basic
D:5:      layout_loops_ring
D:6:      layout_loops_ring, kennysheep_mini_moat, ebering_ghost_disaster_area,
          ebering_dispersal_statue_hall, uniq_prince_ribbit1
D:7:      layout_rooms, minmay_temple_entry_large_hall
D:8:      layout_loops_corners
D:9:      layout_basic, erik_lair_orcish_takeover
D:10:     kennysheep_kobold_lugonu_temple, layout_rooms

Skill      XL: |  1  2  3  4  5  6  7  8  9 10 |
---------------+-------------------------------+-----
Axes           | 3 4 5 6 7 9 11 | 11.8
Shields        | 4 5 6 7 8 9 |  9.1
Armour         | 4 5 6 7 8 9 |  9.2
Fighting       | 4 5 6 7 8 9 |  9.1
Invocations    | |  0.8

Action                   |  1- 3 |  4- 6 |  7- 9 | 10-12 || total
-------------------------+-------+-------+-------+-------++-------
Melee: War axe           |    80 |   116 |   360 |   134 ||   690
       Headbutt          |     7 |    17 |    71 |    30 ||   125
  Use: Potion            |       |     1 |     1 |     1 ||     3
  Eat: Chunk             |       |     5 |    13 |       ||    18
       Ration            |       |       |     1 |     1 ||     2
Armor: Scale mail        |    32 |    61 |    44 |       ||   137
       Plate armour      |       |       |   121 |   124 ||   245
Dodge: Dodged            |    29 |    26 |    58 |    25 ||   138
Block: Shield            |    49 |    62 |   199 |   118 ||   428
